 Dungeon Crawl Stone Soup version 0.20-a0-1006-ge6c5631 (webtiles) character file.

16160 JeffiDaFish the Thaumaturge (level 12, -3/97 HPs)
             Began as a Purple Draconian Fire Elementalist on Apr 12, 2017.
             Slain by a hornet (14 damage)
             ... on level 10 of the Dungeon on Apr 13, 2017.
             The game lasted 00:45:00 (11676 turns).

JeffiDaFish the Thaumaturge (DrFE)                 Turns: 11676, Time: 00:45:01

Health: -3/97      AC: 11    Str: 12    XL:     12   Next: 7%
Magic:  2/26       EV: 16    Int: 17    God:
Gold:   593        SH:  5    Dex: 16    Spells: 18/31 levels left

rFire    . . .     SeeInvis .   p - +0 trident
rCold    . . .     Gourm    .   (no shield)
rNeg     . . .     Faith    .   (armour unavailable)
rPois    +         Spirit   .   k - +2 hat
rElec    .         Reflect  +   r - +0 cloak
rCorr    +         Harm     .   (no gloves)
MR       +....                  (no boots)
Stlth    +++.......             f - +5 amulet of reflection
Regen    0.3/turn               c - ring of resist corrosion
MPRegen  0.2/turn               n - ring of stealth

@: no status effects
A: breathe power, unfitting armour, clever 1, poison resistance, cold-blooded,
MP-powered wands, AC +8
a: Breathe Dispelling Energy


You were on level 10 of the Dungeon.
You were hungry.

You visited 2 branches of the dungeon, and saw 11 of its levels.

You collected 593 gold pieces.

Inventory:

Hand Weapons
 p - a +0 trident (weapon)
Armour
 k - a +2 hat (worn)
 r - a +0 cloak (worn)
Jewellery
 c - a ring of resist corrosion (left hand)
 f - a +5 amulet of reflection (around neck)
 n - a ring of stealth (right hand)
Wands
 q - a wand of scattershot (4/9)
Scrolls
 e - 3 scrolls of amnesia
 h - a scroll of magic mapping
 j - 10 scrolls of identify
 m - 2 scrolls of remove curse
Books
 a - a book of Flames

   Spells                             Type                      Level
   a - Flame Tongue                   Conjuration/Fire             1
   b - Throw Flame                    Conjuration/Fire             2
   c - Conjure Flame                  Conjuration/Fire             3
   d - Inner Flame                    Hexes/Fire                   3
   e - Sticky Flame                   Conjuration/Fire             4
   f - Fireball                       Conjuration/Fire             5
 i - a book of Cantrips

   Spells                             Type                      Level
   a - Confusing Touch                Hexes                        1
   b - Animate Skeleton               Necromancy                   1
   c - Summon Small Mammal            Summoning                    1
   d - Apportation                    Translocation                1
Comestibles
 b - 6 bread rations
 d - 5 meat rations
 l - 4 fruits


   Skills:
 + Level 6.5 Fighting
 + Level 6.1 Polearms
 + Level 6.1 Dodging
 - Level 2.0 Stealth
 * Level 10.0 Spellcasting
 * Level 8.3 Conjurations
 + Level 6.2 Necromancy
 * Level 9.3 Fire Magic


You had 18 spell levels left.
You knew the following spells:

 Your Spells              Type           Power        Failure   Level  Hunger
a - Flame Tongue          Conj/Fire      #####        1%          1    None
b - Throw Flame           Conj/Fire      #####.       1%          2    None
c - Animate Skeleton      Necr           N/A          1%          1    None
d - Sticky Flame          Conj/Fire      #####...     2%          4    ###....
e - Fireball              Conj/Fire      #####.....   10%         5    #####..


Dungeon Overview and Level Annotations

Branches:
Dungeon (10/15)            Temple (1/1) D:7             Orc (0/2) D:9
   Lair: D:8-11

Altars:
Ashenzari
Cheibriados
Dithmenos
Elyvilon
Fedhas
Gozag
Hepliaklqana
Kikubaaqudgha
Makhleb
Nemelex Xobeh
Okawaru
Qazlal
Ru
Sif Muna
Trog
Uskayaw
Vehumet
Wu Jian
Xom
Yredelemnul
Zin
The Shining One

Annotations:
D:9 Fenrisulfr's ghost, novice DrMo


Innate Abilities, Weirdness & Mutations

You can breathe bolts of dispelling energy.
Your rich purple scales are hard. (AC +8)
You cannot fit into any form of body armour.
You are cold-blooded and may be slowed by cold attacks.
Your mind is acute. (Int +2)
Your system is resistant to poisons. (rPois)
You expend magic power (3 MP) to strengthen your wands.


Message History

You feel yourself speed up. The hornet closely misses you.
The hornet completely misses you.
You hit the hornet but do no damage.
The hornet is lightly wounded.
The hornet stings you but does no damage.
You block the hornet's attack.
You closely miss the hornet. The hornet completely misses you.
You hit the hornet but do no damage.
You tail-slap the hornet, but do no damage.
The hornet closely misses you. The hornet stings you.
* * * LOW HITPOINT WARNING * * *
You aren't carrying any potions.
Okay, then.
You hit the hornet. You tail-slap the hornet.
The hornet is lightly wounded.
The hornet misses you.
You hit the hornet but do no damage.
The hornet is lightly wounded.
The hornet stings you!
You die...

.....### #........#
.......# #........#
.....#<###........#
.....#..##../.....#
#######..'........#
####.._.....#
#.....'###
#.......# #######@#
######y## #....cyy#
#.......###
#.......'.##
#.......#..#
.'.......##.# ..
##.......##yy..yy.y
..
#.......####y.....


You could see a hornet, a centaur and 2 killer bees.

Vanquished Creatures
  4 two-headed ogres
  Erica (D:8)
  Joseph (D:8)
  Psyche (D:8)
  A queen bee (D:10)
  2 trolls (D:10)
  A hippogriff (D:7)
  Prince Ribbit (D:8)
  Sigmund (D:4)
  A wyvern (D:10)
  Grum (D:8)
  3 sky beasts
  2 ice beasts
  4 black bears
  An orc warrior (D:6)
  A hornet zombie (D:8)
  4 ogres
  A centaur (D:10)
  4 wolves (D:8)
  6 bullfrogs
  3 scorpions
  11 killer bees (D:10)
  6 howler monkeys
  5 crimson imps
  4 hounds
  4 orc priests
  8 orc wizards
  A centaur skeleton (D:4)
  A bullfrog skeleton (D:5)
  6 iguanas
  3 worker ants
  A hound zombie (D:7)
  A howler monkey skeleton (D:10)
  17 adders
  A shadow imp (D:7)
  2 oozes
  An adder zombie (D:6)
  An adder skeleton (D:6)
  4 worms
  5 leopard geckos
  13 orcs
  4 bats
  4 giant cockroaches
  5 goblins
  6 hobgoblins
  10 jackals
  2 quokkas
  2 ball pythons
  6 frilled lizards
  A kobold (D:3)
  2 leopard gecko skeletons (D:4)
  9 rats
190 creatures vanquished.

Vanquished Creatures (collateral kills)
  An ice beast (D:8)
  2 crimson imps
  A hound (D:9)
  An iguana (D:8)
  A worker ant (D:4)
  2 orcs
  A bat (D:3)
  A frilled lizard (D:5)
10 creatures vanquished.

Vanquished Creatures (others)
  2 centaurs (D:9)
  A fire vortex (D:7)
3 creatures vanquished.

Grand Total: 203 creatures vanquished

Notes
Turn   | Place    | Note
-------+----------+-------------------------------------------
     0 | D:1      | JeffiDaFish the Draconian Fire Elementalist began the quest for the Orb.
     0 | D:1      | Reached XP level 1. HP: 14/14 MP: 3/3
   112 | D:1      | Gained mutation: You expend magic power (3 MP) to strengthen your wands. [potion of mutation]
   112 | D:1      | Gained mutation: Your system is resistant to poisons. (rPois) [potion of mutation]
   112 | D:1      | Gained mutation: Your mind is acute. (Int +2) [potion of mutation]
   209 | D:1      | Reached XP level 2. HP: 20/20 MP: 1/5
   513 | D:1      | Upgraded the game from 0.20-a0-1000-g0e8f6bb to 0.20-a0-1006-ge6c5631
   751 | D:2      | Reached XP level 3. HP: 19/26 MP: 0/6
   973 | D:2      | Learned a level 2 spell: Throw Flame
  1230 | D:2      | Learned a level 1 spell: Animate Skeleton
  1438 | D:2      | Found a hide-covered altar of Uskayaw.
  1439 | D:2      | Found a sparkling altar of Nemelex Xobeh.
  1531 | D:3      | Reached XP level 4. HP: 34/34 MP: 0/7
  1705 | D:3      | Reached skill level 1 in Fighting
  1705 | D:3      | Reached skill level 1 in Necromancy
  1705 | D:3      | Reached XP level 5. HP: 12/40 MP: 0/9
  2062 | D:3      | Found a white marble altar of Elyvilon.
  2269 | D:4      | Reached skill level 1 in Polearms
  2269 | D:4      | Reached skill level 3 in Spellcasting
  2545 | D:4      | Reached XP level 6. HP: 8/47 MP: 0/10
  2942 | D:4      | Learned a level 4 spell: Sticky Flame
  3232 | D:4      | Your scales start taking on a rich purple colour.
  3232 | D:4      | Reached skill level 4 in Spellcasting
  3232 | D:4      | Reached XP level 7. HP: 50/56 MP: 1/13
  3452 | D:4      | Noticed Sigmund
  3462 | D:4      | Killed Sigmund
  3505 | D:4      | Found a sacrificial altar of Ru.
  3569 | D:5      | Entered Level 5 of the Dungeon
  3975 | D:5      | Reached skill level 5 in Fire Magic
  4152 | D:5      | Reached skill level 5 in Spellcasting
  4871 | D:5      | Reached XP level 8. HP: 61/62 MP: 8/16
  5578 | D:6      | Found an opulent altar of Gozag.
  5662 | D:6      | Found a snail-covered altar of Cheibriados.
  5705 | D:6      | Reached skill level 6 in Spellcasting
  6046 | D:7      | Learned a level 5 spell: Fireball
  6121 | D:7      | Found a staircase to the Ecumenical Temple.
  6359 | D:7      | Reached XP level 9. HP: 65/71 MP: 11/18
  6485 | Temple   | Entered the Ecumenical Temple
  6623 | D:7      | Found a blossoming altar of Fedhas.
  6624 | D:7      | Found a radiant altar of Vehumet.
  6630 | D:7      | Found a hazy altar of Hepliaklqana.
  6630 | D:7      | Found an ancient bone altar of Kikubaaqudgha.
  7139 | D:8      | Noticed Erica
  7153 | D:8      | Killed Erica
  7153 | D:8      | Reached skill level 7 in Spellcasting
  7242 | D:8      | Noticed Prince Ribbit
  7249 | D:8      | Killed Prince Ribbit
  7249 | D:8      | Reached skill level 5 in Conjurations
  7760 | D:8      | Noticed a two-headed ogre
  7783 | D:8      | Killed a two-headed ogre
  7783 | D:8      | Reached XP level 10. HP: 46/80 MP: 9/21
  8199 | D:8      | Noticed Grum
  8213 | D:8      | Reached skill level 8 in Spellcasting
  8218 | D:8      | Reached skill level 5 in Fighting
  8521 | D:8      | Killed Grum
  8717 | D:8      | Noticed Psyche
  8874 | D:8      | Noticed Joseph
  8889 | D:8      | Killed Joseph
  8935 | D:8      | Killed Psyche
  8935 | D:8      | Reached skill level 5 in Dodging
  9186 | D:9      | Noticed Fenrisulfr's ghost (novice DrMo)
  9221 | D:9      | Found a basalt altar of Yredelemnul.
  9575 | D:9      | Found a glowing golden altar of the Shining One.
  9627 | D:9      | Reached skill level 5 in Necromancy
  9633 | D:9      | Noticed a two-headed ogre
  9656 | D:9      | Killed a two-headed ogre
  9656 | D:9      | Reached skill level 5 in Polearms
 10289 | D:9      | Found a deep blue altar of Sif Muna.
 10320 | D:9      | Found a staircase to the Orcish Mines.
 10491 | D:9      | Reached skill level 9 in Spellcasting
 10491 | D:9      | Reached XP level 11. HP: 89/89 MP: 22/24
 10583 | D:10     | Entered Level 10 of the Dungeon
 11404 | D:10     | Noticed a two-headed ogre
 11417 | D:10     | Killed a two-headed ogre
 11420 | D:10     | Noticed a two-headed ogre
 11427 | D:10     | Killed a two-headed ogre
 11427 | D:10     | Reached XP level 12. HP: 79/97 MP: 1/25
 11563 | D:10     | Found a blossoming altar of Fedhas.
 11592 | D:10     | Reached skill level 10 in Spellcasting
 11676 | D:10     | Slain by a hornet

Vault maps used:
D:1:      lightli_arrival_quake
D:2:      gammafunk_temple_overflow_statue
D:3:      lemuel_round_altar, minmay_close_crescents
D:4:      nicolae_overflow_hidden_temple, uniq_sigmund
D:5:      first_bread, st_stairs_12
D:6:      minmay_diamond_boxcup, kennysheep_mini, overflow_temple_1_default
D:7:      minitemple, temple_pool_b
D:8:      serial_co_window_serial, co_window_paths_a, co_window_corner_a,
          co_window_of_opportunity_a, co_window_cross_1, co_window_paths_a,
          co_window_corner_a, co_window_paths_a, co_window_paths_c,
          co_window_corner_ca, co_window_paths_c, co_window_2corner,
          co_window_broadway_b, co_window_broadway_a,
          co_window_of_opportunity_b, co_window_paths_d, glass_columns_c,
          glass_columns_c, glass_columns_b, glass_columns_c, uniq_joseph,
          uniq_grum, uniq_psyche, uniq_prince_ribbit1, uniq_erica
D:9:      tso_metal_star, tgw_sif, lemuel_round_altar
D:10:     basic_altar, minmay_crystal_room
Temple:   dpeg_three_leaves_temple

Skill      XL: |  1  2  3  4  5  6  7  8  9 10 11 12 |
---------------+-------------------------------------+-----
Stealth        | 2 |  2.0
Dodging        | 2 3 4 5 6 |  6.1
Fire Magic     | 4 5 6 7 9 |  9.3
Fighting       | 1 2 3 4 6 |  6.5
Necromancy     | 1 2 3 4 5 6 |  6.2
Conjurations   | 2 3 4 5 7 8 |  8.3
Polearms       | 1 2 3 4 5 6 |  6.1
Spellcasting   | 3 4 5 6 7 9 10 | 10.0

Action                   |  1- 3 |  4- 6 |  7- 9 | 10-12 || total
-------------------------+-------+-------+-------+-------++-------
Melee: Spear             |    43 |   136 |   220 |       ||   399
       Unarmed           |     3 |       |       |       ||     3
       Tailslap          |     5 |    17 |    51 |    25 ||    98
       Trident           |       |       |   329 |   210 ||   539
 Cast: Flame Tongue      |    36 |    50 |    31 |    44 ||   161
       Throw Flame       |     7 |    18 |    39 |    22 ||    86
       Animate Skeleton  |       |     8 |    20 |    14 ||    42
       Sticky Flame      |       |     2 |    25 |    43 ||    70
       Fireball          |       |       |       |     3 ||     3
  Use: Scroll            |     5 |     1 |     2 |     3 ||    11
       Potion            |     4 |     1 |     3 |     2 ||    10
 Stab: Sleeping          |       |     1 |     9 |     1 ||    11
       Distracted        |       |     1 |     1 |       ||     2
  Eat: Chunk             |     3 |     7 |    16 |    11 ||    37
       Royal jelly       |       |       |     2 |       ||     2
       Fruit             |       |       |       |     2 ||     2
       Meat ration       |       |       |       |     1 ||     1
Armor: Skin              |    13 |    64 |   149 |    84 ||   310
Dodge: Dodged            |    37 |    69 |   284 |   200 ||   590
Block: Other             |     7 |    28 |    78 |    63 ||   176
       Reflection        |       |     2 |       |     6 ||     8
